Workbook

Sheet COVER
A20: KMC PROJECT
D21: GHAZIR - LEBANON
A38: Bill of Quantities
A39: ELECTRICAL
A40: REV 0 | E40: R00
D46: 46303

Sheet PREAMBLES
A1: ELECTRICAL PREAMBLES
A2: ITEM | B2: DESCRIPTION
B4: GENERAL RULES FOR ELECTRICAL WORK
B6: The Contractor shall furnish all the material, execute all the works necessary to the final accomplishment of the site according to the specifications and drawings. All secondary materials and accessories not mentioned in the bill of quantities shall also be supplied without any extra changes.
B8: The drawings and equipment schedules supplied are primary and necessary for the establishment of the tender documents only. The characteristics of the equipment to be verified by the contractor according to the site conditions.
B10: The scope of work covers the supply to the site and installation of the electrical material and equipment as described under this Section and/or shown on the Drawings including all other associated works. Work shall include site testing and commissioning after completion of installation.
B12: All work shall be carried out to the satisfaction of the Engineer. Any work refused by the Engineer shall be removed, rebuilt and replaced by the Contractor at no cost in a satisfactory manner.
B14: The completed systems shall be thoroughly tested before putting in into operation. Tests shall be carried out by the Contractor under the supervision of the Engineer. Any modifications or repairs necessary upon completion of the tests shall be made good at the Contractor‘s expense. The electrical Contractor shall provide all testing equipment and materials. All electrical equipment shall be clean and adjusted on site before application of power.
B16: The price of each item shall include the testing and a one year warranty against material failure and/or poor workmanship
B18: No material or equipment can be installed without the engineer’s prior consent.
B20: If the contractor fails to continue the job, he will be replaced immediately and all relevant expenses and extra money paid will be at his charge.
B22: The contractor shall present to the engineer a work schedule showing all the starting and ending dates of each section of the work. A penalty, agreed upon, will be paid for any delay.
B24: The contractor is responsible for the equipment, the tools and the material storage on site. All materials and equipment shall be kept clean and defect free until the installation time and will be properly protected after-wards.
B26: The contractor shall present a list of all his workers and an insurance policy that protects them against work accidents as well as personal accidents.
... B59: In general and unless otherwise specified or mentioned elsewhere in the design documents, the contractor duties shall be, but not limited to, as listed below:
A61: A | B61: Supply, installation, testing, commissioning, put-ting into satisfactory operation and handing over complete systems,
A63: B | B63: All required accessories which are not mentioned in the design documents but required for the perfect operation shall be supplied by the contractor without extra charge.
A65: C | B65: The contractor listed below prices shall include, but limited to, the equipment transportation, installation, testing and commissioning in addition to hand labors and all engineering fees such as shop drawings and as built drawings.
A67: D | B67: Co-ordination with other trades including minor approved modifications and additions to ensure compatibility,
A69: E | B69: Marking the positions of and cutting or forming holes, mortices, chases and the like in any sur-face and making good all work disturbed,
A71: F | B71: Assembling and jointing together component parts of composite units and providing any necessary jointing materials,
A73: G | B73: Corrosion protective treatments and coatings to fixings, hangers and supporting materials,
A75: H | B75: Sleeves through walls, ceilings and floors includ-ing cover plates,
A77: I | B77: Fire sealants,
A79: J | B79: Brackets and supports,
A81: K | B81: Temporary works and removing and making good after,
A83: L | B83: Plates, labels and tags for the identification of plant, equipment, cables, switches and the like,
... A87: N | B87: Builder's work in connection, except where re-quired to be measured separately,
B89: FEEDERS
A91: A | B91: Wires and cables are given in meters.
A93: B | B93: Wires and cables are deemed to include:
A95: 1 | B95: Conduits and fittings, draw wires and the like,
A97: 2 | B97: Cable connectors, labeling and idetification,
A99: 3 | B99: Junction/Pull boxes, selants, sleeves, etc…
A101: 4 | B101: necessary components and accessories for fixing cables on walls, ceilings and on cable trays/ladders.
B103: LIGHTING INSTALLATION:
B105: Work is deemed to include:
A107: A | B107: Lighting Fixture complete with lamps and accessories.
A109: B | B109: Conduits and Outlets,
A111: C | B111: Wires including protective earthing conductors, conduits and fittings from outlet back to upstream outlet or to final branch circuit panelboard,
A113: D | B113: Fixing and supporting material.
B115: WIRING DEVICES & MISCELLANEOUS EQUIPMENT
B117: Wiring devices including socket outlets, electrical outlets, switches, disconnecting switches and the like are enumerated.
B119: Wiring devices are deemed to include:
A121: A | B121: outlets,
A123: B | B123: Wires including protective earthing conductors, conduits, and fittings from outlet back to upstream outlet or to final branch circuit panelboard,
A125: C | B125: Fixing and supporting material.
A127: D | B127: The connection to AC units must include the interconnection between the condensing unit, the blower, the fresh air and the thermostat. It will include as well the feeders from the SDBs as shown on the drawings
B129: PANELBOARDS
A131: A | B131: Supply and installation of distribution panelboards.
A133: B | B133: All civil works required for the installation.
A135: C | B135: All fixing and support structures required for installation of wall or floor mounted panelboards.
A137: D | B137: Termination of incoming and outgoing cables/conduits including glands and other accessories, etc…
A139: E | B139: The unit price will include all connections, wiring, connection to the earthing system and accessories, connector blocks for the connection of functional units to electrical circuits and feeders, metering instruments, painting, transport, fixing, labeling and every thing deemed necessary to the proper function of the panel.
B141: CABLES AND WIREWAYS
A143: A | B143: All cables shall be insulated PVC or XLPE as indicated on the drawings.
A145: B | B145: All exposed cables must be placed into rigid EMT tubes with all accessories such as junction and pulling boxes of the same type.
A147: C | B147: The cable section will not be reduced in any case and will respect the value given in the distribution board.
A149: D | B149: It is forbidden to use the same neutral line for different circuits. Each circuit will have its independent neutral emerging directly from the distribution panel as shown on the drawings.
B151: TELEPHONE SYSTEM
B153: Work comprises supply and installation of a complete telecom (telephone and data) distribution network including, but not limited to, the following:
A155: A | B155: Main distribution frame (By Specialist)
A157: B | B157: Telephone termination cabinet (By Specialist).
A159: C | B159: Indoor telephone cables, conduits, raceways and accessories.
A161: D | B161: Mounting with necessary fixing materials and supports.
A163: E | B163: Cable termination with all necessary cable termination accessories.
A165: F | B165: Termination of conduits with all necessary conduit fittings, etc….

Sheet ELECTRICAL BOQ
A1: VOLUME 16 - ELECTRICAL BOQ
A2: ITEM | B2: DESCRIPTION | C2: QTY | D2: UNIT | E2: U.P. | F2: T.P.
B4: Electrical Engineering Installation
B6: Provide and install the complete Electrical engineering installation, including all builders work strictly in accordance with specifications and as indicated in drawings and as described, but not limited to the following:
A8: A | B8: Connection to MDB+ATS | C8: 1 | D8: U | F8: =E8*C8 -> 0
B10: Electrical Panel board
B12: Supply and installation of the distribution boards including cabinets, circuit breakers, busbars, connectors, switch-disconnectors, distribution blocks, termination blocks, earth leakage protection devices, insulation monitoring devices, spares and spaces, trunking and wires, ground conductors and accessories from DBs to branches circuit breakers as specified and/or shown on the drawings. All the panelbaord components shall be labeled and identified as required by the engineer (Handwriting rejected). The outgoing branch feeders are connected to circuit breakers by insulated flexible wires, running in PVC trunks (with 50% space) and suitable insulated connectors, mounted at the panel bottom. Panel boards have a shock protection index of IK08. Panel boards shall be provided with engraved metal nameplates mounted with anticorrosion screws. The panel boards have to be assembled for a perfect operation and to the satisfaction of the engineer. Panel boards shall be minimum IP42 (unless otherwise indicated), designed as per IEC EN 61439-1&2. All panels shall have at least 30% space and 30% spare from the total numbers of panel size/module and circuit breaker numbers Schneider, EATON, ABB or equivalent. Surge protection devices shall be cartridges of the plug in type. (MOV type).
B13: Shop drawing of the panel board layout shall be submitted to the engineer for approval. The panel board shall be installed, connected, terminated and assembled by a professional certified panel builder.
A15: A | B15: DB-CHE | C15: 1 | D15: U | F15: =E15*C15 -> 0
A17: B | B17: UDB-CHE | C17: 1 | D17: U | F17: =E17*C17 -> 0
B19: Feeder Cables
B21: The rate of feeder cables shall include: Supply, installation and connection of electrical cables rated 1KV composed of pure electrolytic copper conductors having a resistivity of 0.01724 Ohms per mm² of its section and per meter long at the temperature of 20°C, Supports and fixing to cable trays All necessary accessories, labels and termination accessories Labor, tools, transport, testing, one year guarantee, all overhead expenses and profit Rated 1KV composed of pure electrolytic copper conductors having a resistivity of 0.01724 Ohms per mm² of its section and per meter long at the temperature of 20°C, including the terminal and junction boxes, sealing compounds, fixing materials, cable trays of different sizes and supports and all the necessary accessories with empty conduits when used.
A23: A | B23: 4x25mm2+16mm2 PVC/PVC/Cu Cable from MDB to DB-CHE | C23: TBM | D23: LM | F23: =IFERROR(C23*E23,0) -> 0
A25: B | B25: 4x6mm2+6mm2 PVC/PVC/Cu Cable from MDB to UDB-CHE | C25: TBM | D25: LM | F25: =IFERROR(C25*E25,0) -> 0
D26: TO COLLECTION | F26: =SUM(F3:F25) -> 0
B28: Lighting Outlet
B29: Lighting points including wires, rigid and flexible conduits, steel conduits where requested by the architect and/or mentioned on the drawings, junction/pull boxes, with all the necessary accessories and fittings from distribution boards to the lighting points. Connections to pull / junction boxes, shall be with conduit coupling (threaded glands).
A31: A | B31: Lighting point , wall or ceiling, exposed or recessed, controlled by switches or detectors | C31: =C39+C41+C43 -> 93 | D31: U | F31: =E31*C31 -> 0
A33: B | B33: Lighting point , for emergency/exit light, connected to Central Battery System | C33: =SUM(C45:C51) -> 26 | D33: U | F33: =E33*C33 -> 0
B35: Lighting Fixtures
B37: Supply and installation of lighting fixtures complete with lamps, control gear, wiring, fuses with all the necessary accessories and fittings, for the proper fixation of the fixtures, as specified, shown on drawings and to the satisfaction of the Engineer. All lighting fixtures to be compensated for power factor > 0.9. Unless indicated otherwise, control gear are to be of the electronic type. The price shall include pull / junction boxes, rigid and flexible conduits, wires, cables, pressure line cap wire connectors, with all the necessary accessories and fittings for the proper connection of the lighting fixture. Connections to pull / junction boxes, shall be with conduit coupling (threaded glands). All lighting fixtures selection shall be approved by the architect/ID and engineer. Battery backup required for all emergency lights Public Area lights shall be dimmable
A39: A | B39: Type K1: 600x600mm Surface-mounted LED luminaire, opal diffuser, 40W, 4000 lumens, 4000K, CRI>80 | C39: 51 | D39: U | F39: =E39*C39 -> 0
A41: B | B41: Type B1: 150mm ø Surface-mounted LED downlight, deep baffle, 15W, 1500 lumens, 3000K, CRI>80 | C41: 35 | D41: U | F41: =E41*C41 -> 0
A43: C | B43: Led reading light on a adjustable, flexible gooseneck arm | C43: 7 | D43: U | F43: =E43*C43 -> 0
A45: D | B45: Wall Mounted Self Contained Emergency Light | C45: 8 | D45: U | F45: =E45*C45 -> 0
A47: E | B47: Ceiling Mounted Self Contained Emergency Light | C47: 7 | D47: U | F47: =E47*C47 -> 0
A49: F | B49: Wall Mounted Exit light | C49: 6 | D49: U | F49: =E49*C49 -> 0
A51: G | B51: Celing Mounted Exit light | C51: 5 | D51: U | F51: =E51*C51 -> 0
B53: Lighting Control System
B55: Supply and installation of switch complete with conduits and conductors from the corresponding distribution board, derivation and switch boxes, wall plate/cover, junction, connectors, with all the necessary accessories and fittings. Switches selection shall be as specified by Architect / ID. Similar to Legrand, Vimar, or equivalent.
A57: A | B57: 10A, 250V, 1 way 1 gang switch | C57: 19 | D57: U | F57: =E57*C57 -> 0
A59: B | B59: 10A, 250V, 2 way 1 gang switch | C59: 8 | D59: U | F59: =E59*C59 -> 0
A61: C | B61: 10A, 250V, 3 way 1 gang switch | C61: 2 | D61: U | F61: =E61*C61 -> 0
A63: D | B63: Motion Detector | C63: 2 | D63: U | F63: =E63*C63 -> 0
D65: TO COLLECTION | F65: =SUM(F27:F64) -> 0
B67: Socket Outlets
B68: Supply and installation of socket outlet complete with conduits and conductors from the corresponding distribution board, derivation and socket boxe, wall plate/cover, junction, connectors, with all the necessary accessories and fittings. Sockets and switches shall have the same brand and model. Sockets shall be Schuko 3 pin type unless otherwise indicated.
A70: A | B70: Wall mounted simplex socket outlet (2P+E), rated 16A/250V | C70: =11 -> 11 | D70: U | F70: =E70*C70 -> 0
A72: B | B72: Wall mounted duplex socket outlet (2P+E), rated 16A/250V | C72: =14+21 -> 35 | D72: U | F72: =E72*C72 -> 0
A74: C | B74: Wall mounted weatherproof simplex socket outlet (2P+E), rated 16A/250V | C74: =7 -> 7 | D74: U | F74: =E74*C74 -> 0
A76: D | B76: Wall mounted duplex socket outlet fed from UPS (2P+E), rated 16A/250V | C76: =17+14 -> 31 | D76: U | F76: =E76*C76 -> 0
A78: E | B78: Floor mounted duplex socket outlet (2P+E), rated 16A/250V | C78: 2 | D78: U | F78: =E78*C78 -> 0
A80: F | B80: Floor mounted duplex socket outlet fed from UPS (2P+E), rated 16A/250V | C80: 2 | D80: U | F80: =E80*C80 -> 0
B82: Power Outlets
B84: Supply and installation of IP54 and/or IP65 disconnect switch, category AC-23, mounted on metallic support, 2 or 4 poles, robust thermoplastic or metallic enclosure, complete with cables, rigid conduits, junction/pull boxes, with all the necessary accessories and fittings from distribution boards to the power outlet. Similar to Katko, ABB, Eaton or approved equal.
A86: A | B86: Electrical Outlet fed from UPS for NURSE CALL DISPLAY | C86: 4 | D86: U | F86: =E86*C86 -> 0
A88: B | B88: Electrical Outlet fed from UPS for IDF+NVR | C88: 1 | D88: U | F88: =E88*C88 -> 0
A90: C | B90: Power outlet including disconnect 2x16A/AC23, IP65 for EAF | C90: 6 | D90: U | F90: =E90*C90 -> 0
A92: D | B92: Power outlet including disconnect 2x16A/AC23, IP65 for FAF | C92: 1 | D92: U | F92: =E92*C92 -> 0
A94: E | B94: Power outlet including disconnect 2x16A/AC23, IP65 for VRV-IU | C94: 8 | D94: U | F94: =E94*C94 -> 0
A96: E | B96: Power outlet including disconnect 4x63A/AC23, IP65 for VRF-OU | C96: 1 | D96: U | F96: =E96*C96 -> 0
A98: F | B98: Electrical Outlet for Thermostat | C98: 4 | D98: U | F98: =E98*C98 -> 0
D108: TO COLLECTION | F108: =SUM(F66:F107) -> 0
B110: BASIC ELECTRICAL REQUIREMENTS
A112: A | B112: All Builder's work in connection with electrical installations excepting those items measured elsewhere in the Bill of Quantity. | C112: 1 | D112: LS | E112: (Included)
A114: B | B114: Testing and commissioning. | C114: 1 | D114: LS | E114: (Included)
A116: C | B116: Identification and labeling of cables, wires, panelboards and all other equipment mentioned in this BOQ; to IEC standards. | C116: 1 | D116: LS | E116: (Included)
A118: D | B118: Shop drawing, Composite and As-Built drawings with Operation and Maintenance manuals. | C118: 1 | D118: LS | E118: (Included)
D137: TO COLLECTION | F137: =SUM(F110:F136) -> 0
B139: TOTAL FROM PAGE NO. 1/5 | F139: ='ELECTRICAL BOQ'!$F$26 -> 0
B141: TOTAL FROM PAGE NO. 2/5 | F141: ='ELECTRICAL BOQ'!$F$65 -> 0
B143: TOTAL FROM PAGE NO. 3/5 | F143: ='ELECTRICAL BOQ'!$F$108 -> 0
B145: TOTAL FROM PAGE NO. 4/5 | F145: ='ELECTRICAL BOQ'!$F$137 -> 0
B198: TOTAL - ELECTRICAL WORKS, CARRIED TO SUMMARY | F198: =SUM(F138:F197) -> 0

Sheet LOW CURRENT BOQ
A1: VOLUME 16 - ELECTRICAL BOQ
A2: ITEM | B2: DESCRIPTION | C2: QTY | D2: UNIT | E2: U.P. | F2: T.P.
B4: Data System
B6: Supply and installation of conduits, back boxes, related plates, data socket outlets and data cables, from end point to the data cabinet
A8: A | B8: Individual Distribution Frame, including patch panels, Cable management, power supply and all necessary passive component and Surge protection | C8: 1 | D8: U | F8: =E8*C8 -> 0
A10: B | B10: Wall mounted Telephone Socket | C10: 4 | D10: U | F10: =E10*C10 -> 0
A12: C | B12: Ceiling mounted Data Socket for WIFI | C12: 3 | D12: U | F12: =E12*C12 -> 0
A14: D | B14: Floor mounted Telephone Socket | C14: 1 | D14: U | F14: =E14*C14 -> 0
A16: E | B16: Wall mounted Data Socket | C16: =29+28 -> 57 | D16: U | F16: =E16*C16 -> 0
A18: F | B18: Floor mounted Data Socket | C18: 4 | D18: U | F18: =E18*C18 -> 0
A20: G | B20: Wall mounted Data Socket for CLOCK | C20: 3 | D20: U | F20: =E20*C20 -> 0
A22: H | B22: Wall mounted Data Socket for NURSE CALL DISPLAY | C22: 3 | D22: U | F22: =E22*C22 -> 0
A24: I | B24: Testing, labeling and reporting with Fluke test machine for 1 data outlet Cat.6 | C24: 1 | D24: LS | F24: =E24*C24 -> 0
A26: J | B26: Connection to Main Distribution Frame | C26: 1 | D26: LS | F26: =E26*C26 -> 0
B28: TV System
B30: Supply, installation and connection of a TV system complete with TV socket outlets, boxes, cover plates, surge protection, amplifiers, splitters, RG6 coaxial cables, conduits, with all the necessary accessories and fittings, in order to have a fully functional and complete system, all as specified and/or shown on the drawings.
A32: A | B32: TV Box | C32: 1 | D32: LS | F32: =E32*C32 -> 0
A34: B | B34: Wall mounted TV socket outlet | C34: 8 | D34: U | F34: =E34*C34 -> 0
A36: C | B36: Connection to Main TV Box | C36: 1 | D36: LS | F36: =E36*C36 -> 0
D37: TO COLLECTION | F37: =SUM(F4:F36) -> 0
B39: FIRE DETECTION AND ALARM SYSTEM
B41: Supply, install, connect, program, test, label and commission a complete interactive addressable fire alarm system, with all required accessories and devices as specified and shown on drawings and for a perfect operation and to the satisfaction of the engineer The connection cables between fire alarm control panel and all fire alarm devices and I/O points shall be of the fire resistant type according to IEC 331 & 332 or BS 8434-2 for 120 minutes and certified to comply to EN50200 class PH120. Notes: 1) Fault isolator devices shall be included as specified. 2) At least two redundant power lines to be provided for sounders and sounders strobes per area
A43: A | B43: Ceiling mounted smoke detector | C43: 22 | D43: U | F43: =E43*C43 -> 0
A45: B | B45: Wall mounted sounder with flasher | C45: 2 | D45: U | F45: =E45*C45 -> 0
A47: C | B47: Wall mounted flasher | C47: 3 | D47: U | F47: =E47*C47 -> 0
A49: D | B49: Control Module (1 Output) | C49: 18 | D49: U | F49: =E49*C49 -> 0
A51: E | B51: Break glass | C51: 2 | D51: U | F51: =E51*C51 -> 0
A53: F | B53: Connection to Existing System | C53: 1 | D53: LS | F53: =E53*C53 -> 0
B55: Sound System
B57: Supply, install a complete sound system including amplifiers, tuners CD player … and all necessary accessories as shown on drawing
A59: A | B59: Ceiling Mounted Outlet for Voice Evacuation Speaker | C59: 12 | D59: U | F59: =E59*C59 -> 0
A61: B | B61: Connection to Existing System | C61: 1 | D61: LS | F61: =E61*C61 -> 0
B63: Central Clock System
B65: Supply, installation, connection and testing and comissioning of slave clocks. Shall be IP system, POE connected to the exisiting server and to the existing master clock.
A67: A | B67: Digital clock IP based | C67: 3 | D67: U | F67: =E67*C67 -> 0
B69: Nurse Call System
A71: A | B71: Supply, installation, testing and comisisoning of a complete nurse call system with the conduits and conductors , including all the conduit accessories and supports, all the junctions, connectors, and accessories. System shall have also the following fuctions: -Display (3 Unit) -Ceiling Indicator (4 Units) -Wall Indicator (5 Units) -Pull Cord (4 Unit) -Nurse Call Switches in BHU (7 Unit) -Nurse Terminal Station (1 Units) | C71: 1 | D71: LS | F71: =E71*C71 -> 0
D79: TO COLLECTION | F79: =SUM(F38:F78) -> 0
B81: CCTV System
B83: Supply, install and connect a complete CCTV system including data cables, conduits, boxes, patch panels, switches, up to corresponding data cabinet with programming and all needed accessories as specified and shown on drawings and for a perfect operation and to the satisfaction of the Engineer
A85: A | B85: NVR 8 cameras with 4 x 4TB HDD, inside data cabinet, including switches | C85: 1 | D85: U | F85: =E85*C85 -> 0
A87: B | B87: Dome CCTV Camera Type A | C87: 8 | D87: U | F87: =E87*C87 -> 0
A89: C | B89: Connection to Existing System | C89: 1 | D89: LS | F89: =E89*C89 -> 0
A91: D | B91: Installation, connection and programming of CCTV cameras, including software and necessary accessories, complete | C91: 1 | D91: LS | F91: =E91*C91 -> 0
B93: Access Control System
B95: Supply, install and connect a complete access control system with necessary accessories as specified and as shown on drawings.
A97: A | B97: Door Contact | C97: 3 | D97: U | F97: =E97*C97 -> 0
A99: B | B99: Door Controller | C99: 3 | D99: U | F99: =E99*C99 -> 0
A101: C | B101: Electric Strike | C101: 3 | D101: U | F101: =E101*C101 -> 0
A103: D | B103: Card Reader | C103: 3 | D103: U | F103: =E103*C103 -> 0
A105: E | B105: Push Button | C105: 3 | D105: U | F105: =E105*C105 -> 0
A107: F | B107: Connection to Existing System | C107: 1 | D107: LS | F107: =E107*C107 -> 0
B109: BASIC ELECTRICAL REQUIREMENTS
A111: A | B111: All Builder's work in connection with electrical installations excepting those items measured elsewhere in the Bill of Quantity. | C111: 1 | D111: LS | E111: (Included)
A113: B | B113: Testing and commissioning. | C113: 1 | D113: LS | E113: (Included)
A115: C | B115: Identification and labeling of cables, wires, panelboards and all other equipment mentioned in this BOQ; to IEC standards. | C115: 1 | D115: LS | E115: (Included)
A117: D | B117: Shop drawing, Composite and As-Built drawings with Operation and Maintenance manuals. | C117: 1 | D117: LS | E117: (Included)
D136: TO COLLECTION | F136: =SUM(F80:F135) -> 0
B139: TOTAL FROM PAGE NO. 1/4 | F139: ='LOW CURRENT BOQ'!$F$37 -> 0
B141: TOTAL FROM PAGE NO. 2/4 | F141: ='LOW CURRENT BOQ'!$F$79 -> 0
B143: TOTAL FROM PAGE NO. 3/4 | F143: ='LOW CURRENT BOQ'!$F$136 -> 0
B196: TOTAL - ELECTRICAL WORKS, CARRIED TO SUMMARY | F196: =SUM(F137:F195) -> 0
